 Dungeon Crawl Stone Soup version 0.27.0-66-gdc8fb28755 (webtiles) character file.

Game seed: 5207796881634561384

345 robertstho the Chiller (level 6, -12/43 (44) HPs)
             Began as a Gnoll Ice Elementalist on Aug 19, 2021.
             Was a Priest of Makhleb.
             Mangled by a wight (19 damage)
             ... on level 4 of the Dungeon.
             The game lasted 00:05:48 (3349 turns).

robertstho the Chiller (Gnoll Ice Elementalist)     Turns: 3349, Time: 00:05:52

HP:   -12/43 (44)   AC: 13    Str: 13    XL:     6   Next: 58%
MP:   9/14          EV: 17    Int: 17    God:    Makhleb [***...]
Gold: 99            SH:  0    Dex: 12    Spells: 4/15 levels left

rFire    . . .     SeeInvis .   c - +0 trident
rCold    . . .     Faith    .   (no shield)
rNeg     . . .     Spirit   .   a - +0 robe
rPois    .         Reflect  .   u - +0 helmet
rElec    .         Harm     .   j - +0 cloak
rCorr    .         Rampage  .   (no gloves)
Will     .....                  r - +1 pair of boots
Stlth    +++.......             (no amulet)
HPRegen  0.14/turn              e - +6 ring of strength
MPRegen  0.14/turn              g - +4 ring of evasion

@: ice-armoured, weak-willed, freezing walls, lightly drained
A: fangs 1, strong nose, distributed training
a: Renounce Religion, Minor Destruction, Lesser Servant of Makhleb


You were on level 4 of the Dungeon.
You worshipped Makhleb.
Makhleb was most pleased with you.
You visited 1 branch of the dungeon, and saw 4 of its levels.

You collected 127 gold pieces.
You spent 28 gold pieces at shops.

Inventory:

Hand Weapons
 c - a +0 trident (weapon)
Armour
 a - a +0 robe (worn)
 j - a +0 cloak (worn)
 r - a +1 pair of boots (worn)
 u - a +0 helmet (worn)
Jewellery
 e - a +6 ring of strength (left hand)
 g - a +4 ring of evasion (right hand)
 o - an amulet of magic regeneration
 t - a ring of see invisible
Wands
 s - a wand of mindburst (7)
Scrolls
 d - a scroll of enchant armour
 f - 4 scrolls of identify
 n - 2 scrolls of amnesia
 v - a scroll of teleportation {unknown}
Potions
 h - a potion of heal wounds {unknown}
 i - 2 potions of lignification {unknown}
 k - a potion of haste {unknown}
 l - a potion of magic {unknown}
 m - 2 potions of brilliance {unknown}
 p - a potion of flight {unknown}
 w - a potion of berserk rage {unknown}


   Skills:
 + Level 2.0 Fighting
 + Level 2.0 Short Blades
 + Level 2.0 Long Blades
 + Level 2.0 Axes
 + Level 2.0 Maces & Flails
 + Level 2.0 Polearms
 + Level 2.0 Staves
 + Level 2.0 Slings
 + Level 2.0 Bows
 + Level 2.0 Crossbows
 + Level 2.0 Throwing
 + Level 2.0 Armour
 + Level 5.0 Dodging
 + Level 4.6 Stealth
 + Level 2.0 Shields
 + Level 2.0 Unarmed Combat
 + Level 5.4 Spellcasting
 + Level 1.6 Conjurations
 + Level 1.6 Hexes
 + Level 1.6 Summonings
 + Level 1.6 Necromancy
 + Level 1.6 Translocations
 + Level 1.6 Transmutations
 + Level 1.6 Fire Magic
 + Level 7.3 Ice Magic
 + Level 1.6 Air Magic
 + Level 1.6 Earth Magic
 + Level 1.6 Poison Magic
 + Level 2.2 Invocations
 + Level 2.0 Evocations


You had 4 spell levels left.
You knew the following spells:

 Your Spells              Type           Power      Damage    Failure   Level
a - Freeze                Ice            100%       1d11      1%          1
b - Frozen Ramparts       Ice            58%        1d7       1%          3
c - Ozocubu's Armour      Ice            29%        N/A       1%          3
d - Hailstorm             Conj/Ice       19%        3d6       22%         4

Your spell library contained the following spells:

 Spells                   Type           Power      Damage    Failure   Level
 Magic Dart               Conj           40%        1d5       7%          1
 Searing Ray              Conj           20%        3d3       11%         2
 Ice Form                 Ice/Tmut       19%        N/A       22%         4
 Summon Ice Beast         Ice/Summ       19%        N/A       22%         4
 Fulminant Prism          Conj/Hex       5%         3d7       56%         4


Dungeon Overview and Level Annotations

Branches:
Dungeon (4/15)
 Temple: D:4-7

Altars:
Makhleb
Wu Jian
Xom

Shops:
D:2 *


Innate Abilities, Weirdness & Mutations

You have very sharp teeth.
Your uncanny sense of smell can sniff out nearby items.
Your experience applies equally to all skills.


Message History

The wall freezes the wight but does no damage.
The wight closely misses you.
The wight completely resists.
The wall freezes the wight but does no damage.
The wight resists.
The wall freezes the wight.
The wight completely misses you.
It was a potion of curing.
You feel better.
The wight completely resists.
The wall freezes the wight but does no damage.
The wight closely misses you.
The wight resists.
The wall freezes the wight.
The wight misses you.
The wight resists.
The wall freezes the wight.
The wight hits you but does no damage.
You barely miss the wight. You bite the wight, but do no damage.
The wight is severely damaged.
The wight completely resists.
The wall freezes the wight but does no damage.
The wight barely misses you.
The wight resists.
The wall freezes the wight.
The wight misses you.
The wight resists.
The wall freezes the wight.
The wight hits you from afar with a +4 halberd!
You feel drained.
The wight resists.
The wall freezes the wight.
The wight hits you with a +4 great sword!
* * * LOW HITPOINT WARNING * * *
The wight completely resists.
The wall freezes the wight but does no damage.
The wight misses you.
As you read the scroll labelled VES YVVISAU, it crumbles to dust.
It is a scroll of amnesia.
Really abort (and waste the scroll)?
Okay, then.
The wight completely resists.
The wall freezes the wight but does no damage.
The wight closely misses you.
The wight completely resists.
The wall freezes the wight but does no damage.
The wight misses you.
The wight completely resists.
The wall freezes the wight but does no damage.
The wight barely misses you.
As you read the scroll labelled BYUHEH PIPEKHU, it crumbles to dust.
Magic quickly surges around you.
It was a scroll of vulnerability.
The wight completely resists.
The wall freezes the wight but does no damage.
The wight barely misses you.
The wight resists.
The wall freezes the wight.
The wight hits you with a +4 great sword!!
You die...

#.###...)..# #.#
#.##.#.# ### ..#
#.##..... ...
.## #.####.###
..## .## #.. .#
... ..# ### #
..# ..# z.###.#
^.########
####z.....#
.........#
#..@z.....#
...####..#
#.######### ...#
###⌠### #.#
..####..^.^###.#
######.≈≈≈.≈##.#
####^.≈^≈^.≈.#.#
.#.⌠..≈._.≈≈♣⌠.#
...##...≈§..≈###
.####.≈.§§≈§##


You could see 3 wights.

Vanquished Creatures
  A water moccasin skeleton (D:4)
  Crazy Yiuf (D:2)
  Terence (D:2)
  An iguana (D:4)
  An orc wizard (D:2)
  A hound skeleton (D:4)
  A howler monkey zombie (D:4)
  8 adders
  An ufetubus (D:2)
  2 dart slugs
  14 orcs
  3 bats (D:1)
  7 endoplasms
  2 giant cockroaches
  6 goblins
  3 hobgoblins
  6 quokkas
  2 ball pythons (D:3)
  7 frilled lizards
  7 kobolds
  5 rats
80 creatures vanquished.

Vanquished Creatures (others)
  A plant (D:3)
1 creature vanquished.

Grand Total: 81 creatures vanquished

Notes
Turn   | Place    | Note
-------+----------+-------------------------------------------
     0 | D:1      | robertstho the Gnoll Ice Elementalist began the quest for
                  | the Orb.
     0 | D:1      | Reached XP level 1. HP: 13/13 MP: 6/6
   207 | D:1      | Reached XP level 2. HP: 16/19 MP: 7/7
   268 | D:1      | Found a faded altar of an unknown god.
   302 | D:1      | Became a worshipper of Makhleb the Destroyer
   302 | D:1      | Reached * piety under Makhleb
  1010 | D:2      | Noticed Terence
  1015 | D:2      | Reached XP level 3. HP: 25/25 MP: 7/9
  1030 | D:1      | Learned a level 3 spell: Frozen Ramparts
  1034 | D:1      | Learned a level 3 spell: Ozocubu's Armour
  1147 | D:2      | Reached skill level 5 in Spellcasting
  1198 | D:2      | Reached skill level 1 in Invocations
  1354 | D:2      | Found a runed translucent door.
  1355 | D:2      | Noticed Crazy Yiuf
  1390 | D:2      | Reached skill level 1 in Fighting
  1390 | D:2      | Reached skill level 1 in Short Blades
  1390 | D:2      | Reached skill level 1 in Long Blades
  1390 | D:2      | Reached skill level 1 in Axes
  1390 | D:2      | Reached skill level 1 in Maces & Flails
  1390 | D:2      | Reached skill level 1 in Polearms
  1390 | D:2      | Reached skill level 1 in Staves
  1390 | D:2      | Reached skill level 1 in Slings
  1390 | D:2      | Reached skill level 1 in Bows
  1390 | D:2      | Reached skill level 1 in Crossbows
  1390 | D:2      | Reached skill level 1 in Throwing
  1390 | D:2      | Reached skill level 1 in Armour
  1390 | D:2      | Reached skill level 1 in Shields
  1390 | D:2      | Reached skill level 1 in Unarmed Combat
  1390 | D:2      | Reached skill level 1 in Evocations
  1424 | D:2      | Reached XP level 4. HP: 27/32 MP: 8/11
  1429 | D:2      | Reached ** piety under Makhleb
  1434 | D:2      | Killed Terence
  1435 | D:2      | Reached skill level 1 in Conjurations
  1435 | D:2      | Reached skill level 1 in Hexes
  1435 | D:2      | Reached skill level 1 in Summonings
  1435 | D:2      | Reached skill level 1 in Necromancy
  1435 | D:2      | Reached skill level 1 in Translocations
  1435 | D:2      | Reached skill level 1 in Transmutations
  1435 | D:2      | Reached skill level 1 in Fire Magic
  1435 | D:2      | Reached skill level 1 in Air Magic
  1435 | D:2      | Reached skill level 1 in Earth Magic
  1435 | D:2      | Reached skill level 1 in Poison Magic
  1486 | D:2      | Reached XP level 5. HP: 30/37 MP: 10/12
  1492 | D:2      | Learned a level 4 spell: Hailstorm
  1847 | D:2      | Found Ufier's General Store.
  1853 | D:2      | Bought a scroll of identify for 28 gold pieces
  2044 | D:2      | Killed Crazy Yiuf
  2194 | D:3      | Found an ornate altar of the Wu Jian Council.
  2683 | D:4      | Reached XP level 6. HP: 44/44 MP: 9/13
  2754 | D:4      | Found a shimmering altar of Xom.
  2757 | D:4      | Found a shimmering altar of Xom.
  2856 | D:4      | Reached skill level 5 in Dodging
  3180 | D:4      | Reached *** piety under Makhleb
  3349 | D:4      | Mangled by a wight

Illustrated notes

Levels and vault maps discovered:
D:1:      psy_arrival_statuary, layout_loops_corners,
          hellmonk_ecumenical_altar_pennies_from_heaven
D:2:      layout_rooms, serial_shops, nicolae_diamond_shop, uniq_terence,
          uniq_crazy_yiuf_cottage
D:3:      cheibrodos_old_hovel, layout_rooms, lemuel_tele_altar
D:4:      layout_loops_cross, xom_redecorated

Skill      XL: |  1  2  3  4  5  6 |
---------------+-------------------+-----
Spellcasting   | 5 |  5.4
Invocations    | 1 2 |  2.2
Fighting       | 1 2 |  2.0
Short Blades   | 1 2 |  2.0
Long Blades    | 1 2 |  2.0
Axes           | 1 2 |  2.0
Maces & Flails | 1 2 |  2.0
Polearms       | 1 2 |  2.0
Staves         | 1 2 |  2.0
Slings         | 1 2 |  2.0
Bows           | 1 2 |  2.0
Crossbows      | 1 2 |  2.0
Throwing       | 1 2 |  2.0
Armour         | 1 2 |  2.0
Shields        | 1 2 |  2.0
Unarmed Combat | 1 2 |  2.0
Evocations     | 1 2 |  2.0
Conjurations   | 1 |  1.6
Hexes          | 1 |  1.6
Summonings     | 1 |  1.6
Necromancy     | 1 |  1.6
Translocations | 1 |  1.6
Transmutations | 1 |  1.6
Fire Magic     | 1 |  1.6
Air Magic      | 1 |  1.6
Earth Magic    | 1 |  1.6
Poison Magic   | 1 |  1.6
Dodging        | 5 |  5.0
Stealth        | |  4.6
Ice Magic      | |  7.3

Action                   |  1- 3 |  4- 6 || total
-------------------------+-------+-------++-------
Melee: Trident           |    63 |   121 ||   184
       Bite              |     1 |    10 ||    11
       Punch             |       |     1 ||     1
 Cast: Freeze            |     8 |     7 ||    15
       Frozen Ramparts   |     1 |     7 ||     8
       Ozocubu's Armour  |       |     1 ||     1
  Use: Scroll            |       |     3 ||     3
       Potion            |       |     1 ||     1
 Stab: Sleeping          |     7 |    10 ||    17
       Distracted        |       |     1 ||     1
Armor: Robe              |     6 |    14 ||    20
Dodge: Dodged            |    28 |    88 ||   116
